Map: Echo LE (Void)

Players

HnicZ - Winner!

  • Race: Terran Terran
  • League: Platinum
  • Spawn Location: 11:00

Fropez

  • Race: Protoss Protoss
  • League: Gold
  • Spawn Location: 5:00

VOD

Have the link to the VOD?

Description

Time

  • Played on: Jan. 12, 2017, 1:27 p.m.
  • Length: 24:02
Show
View Real Time Build Order
Export as new Build Order

HnicZ Terran - Winner!

Build Orders: Reaper Expand 

Get SALT Encoding   

  12  0:00  SCV  
  13  0:12  SCV  
  14  0:18  Supply Depot  
  14  0:24  SCV  
  15  0:39  SCV  
  15  0:42  Barracks  
  16  0:46  Refinery  
  16  0:52  SCV  
  17  1:09  SCV  
  18  1:32  Orbital Command  
  18  1:37  Reaper  
  19  1:46  Command Center  
  19  2:03  Barracks  
  19  2:06  SCV  
  20  2:09  Barracks Reactor  
  20  2:18  SCV  
  20  2:22  Supply Depot  
  21  2:32  Factory  
  21  2:33  SCV  
  21  2:35  Refinery  
  22  2:45  SCV  
  23  3:04  Orbital Command  
  23  3:06  Marine x2  
  23  3:07  Barracks Tech Lab  
  25  3:29  Marine  
  25  3:30  Stimpack  
  25  3:31  Marine x2  
  25  3:32  Widow Mine  
  30  3:38  Starport  
  28  4:08  Marine x3  
  28  4:09  Factory Reactor  
  30  4:26  SCV x2  
  30  4:31  Marine, Medivac  
  34  4:32  Marine x2  
  34  4:36  Engineering Bay  
  37  4:38  SCV x2  
  39  4:49  Marine, Widow Mine x2  
  39  4:50  Marine x2, Supply Depot  
  46  4:56  SCV x2  
  48  5:01  Supply Depot  
  44  5:08  SCV  
  45  5:16  Marine x3  
  48  5:29  Liberator x2  
  48  5:33  Refinery  
  48  5:37  Supply Depot  
  48  5:47  Factory Tech Lab  
  48  5:48  Marine x2  
  48  5:49  Marine  
  57  5:50  Terran Infantry Weapons Level 1  
  57  5:52  Engineering Bay  
  57  5:56  SCV x2  
  59  5:57  Refinery  
  53  6:39  Liberator x2  
  46  6:55  Marine x3  
  52  7:12  Marine  
  52  7:13  Marine x2  
  53  7:21  Siege Tank  
  53  7:22  Liberator  
  49  7:30  Marine  
  49  7:31  Marine x2  
  55  7:48  Marine x3  
  56  7:55  Orbital Command  
  52  8:05  Terran Infantry Armor Level 1  
  52  8:06  Marine x3  
  55  8:14  Medivac  
  55  8:15  SCV  
  58  8:24  Marine  
  59  8:27  SCV  
  60  8:38  Marine x2  
  62  8:50  Supply Depot  
  62  9:11  Marine x3, SCV  
  62  9:16  Supply Depot  
  66  9:23  SCV  
  67  9:29  Marine x3  
  70  9:46  Marine x3  
  70  9:50  SCV  
  70  9:51  SCV  
  75  9:55  Command Center  
  75  9:59  Supply Depot  
  75  10:02  SCV, Supply Depot  
  75  10:03  SCV, Supply Depot  
  75  10:04  Marine  
  77  10:23  Supply Depot  
  66  10:43  Marine x3  
  60  11:01  Marine x3  
  57  11:19  Marine x3  
  60  11:34  SCV x2  
  60  11:37  Marine x3  
  65  11:46  SCV x2  
  67  11:53  Supply Depot  
  67  11:56  Combat Shields, Armory  
  67  11:58  Marine x3, SCV x2  
  72  12:07  Ghost Academy  
  72  12:10  SCV  
  72  12:11  SCV  
  74  12:16  Marine x3  
  77  12:23  SCV x2  
  76  12:34  Marine x2  
  63  13:03  Terran Infantry Armor Level 2, Terran Infantry Weapons Level 2  
  63  13:11  Orbital Command  
  63  13:15  SCV  
  63  13:16  SCV  
  65  13:27  SCV  
  65  13:28  SCV  
  67  13:40  SCV x2  
  69  13:52  SCV x2  
  71  14:04  SCV x2  
  64  14:35  Orbital Command  
  64  14:48  Marine x3  
  67  14:54  Medivac x2  
  71  15:06  Marine  
  72  15:15  Cyclone  
  75  15:25  Marine x3  
  78  15:38  Barracks x2  
  78  15:39  Barracks  
  78  15:43  Marine x3  
  78  15:46  Medivac  
  78  15:47  Medivac  
  85  15:51  Siege Tank  
  88  16:01  Marine  
  78  17:02  Supply Depot  
  77  17:23  Marine  
  77  17:24  Marine  
  77  17:25  Marine  
  78  17:42  Marine  
  78  17:43  Marine, Orbital Command  
  79  18:38  Orbital Command  
  79  19:33  Orbital Command  
  55  22:18  Orbital Command  
  41  23:14  Orbital Command  
Show
View Real Time Build Order
Export as new Build Order

Fropez Protoss 

Build Orders:  

Get SALT Encoding   

  12  0:01  Probe (Chrono Boost)  
  13  0:11  Probe (Chrono Boost)  
  14  0:24  Probe (Chrono Boost)  
  14  0:25  Pylon  
  15  0:43  Probe (Chrono Boost), Gateway  
  16  0:51  Assimilator  
  16  0:54  Probe (Chrono Boost)  
  17  1:02  Pylon  
  17  1:04  Probe (Chrono Boost)  
  17  1:15  Probe (Chrono Boost)  
  19  1:25  Probe (Chrono Boost)  
  19  1:32  Assimilator  
  19  1:36  Probe (Chrono Boost)  
  19  1:37  Cybernetics Core  
  20  1:52  Gateway  
  20  2:00  Probe (Chrono Boost)  
  21  2:08  Pylon  
  21  2:11  Probe (Chrono Boost)  
  22  2:17  Twilight Council  
  22  2:21  Warp Gate  
  22  2:24  Probe (Chrono Boost)  
  25  2:38  Mothership Core (Chrono Boost)  
  25  2:41  Adept  
  25  2:43  Adept  
  29  2:50  Resonating Glaives  
  28  3:01  Probe (Chrono Boost)  
  30  3:13  Probe (Chrono Boost)  
  30  3:19  Adept  
  32  3:20  Adept  
  32  3:25  Probe (Chrono Boost)  
  35  3:37  Probe (Chrono Boost)  
  35  3:40  Pylon  
  37  3:49  Probe (Chrono Boost)  
  32  4:27  Gateway  
  32  4:29  Adept x2, Gateway  
  34  4:35  Gateway  
  34  4:37  Forge  
  34  4:41  Probe (Chrono Boost)  
  35  4:51  Adept x2  
  40  5:05  Pylon  
  40  5:06  Protoss Ground Weapons Level 1  
  33  5:15  Adept x2  
  37  5:41  Adept  
  37  5:42  Adept x4  
  39  6:09  Adept x4  
  39  6:10  Adept  
  43  6:35  Blink  
  39  6:49  Stalker x5  
  49  7:33  Pylon  
  45  7:49  Nexus  
  43  7:52  Pylon  
  43  7:55  Stalker x5  
  53  8:04  Pylon  
  49  8:22  Probe (Chrono Boost)  
  49  8:26  Photon Cannon  
  50  8:45  Photon Cannon  
  50  8:46  Probe (Chrono Boost)  
  51  8:59  Probe (Chrono Boost)  
  52  9:08  Stalker x2  
  57  9:11  Probe (Chrono Boost)  
  57  9:22  Robotics Facility  
  57  9:28  Pylon  
  55  9:34  Stalker  
  57  9:47  Pylon  
  57  9:54  Stalker x2  
  57  9:55  Stalker  
  51  10:52  Adept x3  
  51  11:17  Adept x3  
  57  11:18  Protoss Ground Weapons Level 2  
  59  11:27  Mothership Core (Chrono Boost)  
  59  11:32  Pylon  
  55  12:57  Adept x3  
  51  13:27  Pylon  
  51  13:30  Observer  
  51  13:35  Nexus  
  45  14:15  Probe (Chrono Boost)  
  46  14:20  Pylon  
  44  14:27  Probe (Chrono Boost)  
  35  14:40  Pylon  
  35  14:45  Dark Shrine  
  35  15:09  Assimilator  
  35  15:16  Warp Prism  
  37  15:38  Gateway  
  37  15:40  Pylon  
  37  15:51  Probe (Chrono Boost)  
  37  15:52  Pylon  
  37  15:53  Assimilator  
  38  16:15  Dark Templar x2  
  38  16:16  Dark Templar  
  44  16:25  Gateway  
  42  16:34  Pylon  
  42  16:38  Dark Templar  
  44  16:42  Pylon  
  44  16:51  Dark Templar x2  
  44  16:52  Shadow Stride, Dark Templar  
  50  17:51  Dark Templar  
  52  17:58  Gateway  
  52  18:01  Pylon  
  52  18:38  Cybernetics Core  
  50  19:22  Dark Templar x2  
  50  19:40  Dark Templar  
  49  19:52  Pylon  
  49  19:55  Nexus  
  48  20:02  Pylon  
  42  20:28  Pylon  
  42  20:46  Pylon  
  42  20:54  Nexus  
  41  21:19  Assimilator  
  41  21:23  Assimilator  
  41  21:24  Nexus  
  39  21:28  Pylon  
  22  21:56  Nexus  
  21  23:06  Pylon  
Tags
 
Matchup
PvT
Replay Pack
All Mines
Spawn Locations
Cross Positions
Add a new tag
Caveats
  • Supply blocks, unpowered buildings, or Contaminate may cause inaccurate times.
  • Supply counts are checked every 10 seconds.